Workbook

Sheet BS
K1: RAHIMA FOOD CORPORATION LIMITED
K2: Statement of Financial Position
K3: As at 30 June 2026
B5: Particulars | G5: Notes | I5: Amount in Taka
I6: 30 June 2026 | K6: 30 June 2025
B7: ASSETS
B9: Non-Current Assets | I9: =SUM(I10+I11) -> 1.9151317e+08 | K9: =SUM(K10+K11) -> 208705767
B10: Property, Plant and Equipment's | G10: 3.00 | I10: 1.9151317e+08 | K10: 208705767
B11: Construction in Progress | G11: 4 | K11: 0
B13: Current Assets | I13: =SUM(I14:I17) -> 96387236 | K13: =SUM(K14:K17) -> 98296701
B14: Inventories | G14: 4 | I14: 0 | K14: 8681322
B15: Accounts Receivable | G15: 5 | I15: 30377343 | K15: 26107108
B16: Advance, Deposits and Pre-Payments | G16: 6 | I16: 18084735 | K16: 17188048
B17: Cash and Cash Equivalents | G17: 7 | I17: 47925158 | K17: 46320223
B18: TOTAL ASSETS | I18: =I13+I9 -> 2.8790041e+08 | K18: =K13+K9 -> 3.0700247e+08
B20: SHAREHOLDERS' EQUITY & LIABILITIES
B21: Shareholders' Equity | I21: =SUM(I22:I23) -> 1.8262648e+08 | K21: =SUM(K22:K23) -> 188574664
B22: Share Capital | G22: 8 | I22: 200002000 | K22: 200002000
B23: Retained Earnings | G23: 9 | I23: -17375522 | K23: -11427336
B25: Non-Current Liabilities | I25: =I26 -> 4922252.3 | K25: =K26 -> 4419792.2
B26: Deferred Tax Liability | G26: 10 | I26: 4922252.3 | K26: 4419792.2
B28: Current Liabilities | I28: =SUM(I29:I35) -> 1.0035168e+08 | K28: =SUM(K29:K35) -> 114008012
B29: Creditors Against Machinery Supplied | G29: 11 | I29: 12138720 | K29: 22232720
B30: Current A/C. with Related Party | G30: 12 | I30: 74180186 | K30: 74180186
B31: Accounts Payable | G31: 13 | I31: 2983658 | K31: 3020684
B32: Unclaimed Dividend | G32: 14 | I32: 4178552.8 | K32: 4154714
B33: Provision for Workers' Profit Participation Fund | G33: 15 | I33: 719600 | K33: 719600
B34: Liabilities for Expenses | G34: 16 | I34: 675393.82 | K34: 983961
B35: Provision for Income Tax | G35: 17 | I35: 5475569 | K35: 8716147
B36: Total Shareholders' Equity and Liabilities | I36: =I21+I25+I28 -> 287900410 | K36: =K21+K25+K28 -> 3.0700247e+08
B38: Net Asset Value Per Share | G38: 26 | I38: 9.1312326 | K38: 9.4286389
B40: The annexed Notes ( 1- 38 ) form an integral part of these Financial Statements and approved by the Board of Directors on 28.10.2026
B43: Sd/- Sd/- | I43: Sd/- | K43: Sd/-
B44: Managing Director Director Chief Financial Officer Company Secretary
B47: Signed as per our annexed report on even date
B54: Place:Dhaka,Bangladesh
B55: Dated: 28.10.2026
L59: =L18-L36 -> 0

Sheet IS
H1: RAHIMA FOOD CORPORATION LIMITED
H2: Statement of Profit or Loss and Other Comprehensive Income
H3: For the year ended 30 June 2026
B5: Particulars | D5: Notes | F5: =BS!I5 -> Amount in Taka
F6: 01 July 2025 to 30 June 2026 | H6: 01 July 2024 to 30 June 2025
B8: Revenue | D8: 18 | F8: 21546905 | H8: 92601046
B9: Less: Cost of Goods Sold | D9: 19 | F9: 20245738 | H9: 69140711
B10: Gross Profit/(Loss) | F10: =F8-F9 -> 1301166.6 | H10: =H8-H9 -> 23460335
B11: Less: Admin, Selling and General Expenses | D11: 20 | F11: 7406888.7 | H11: 9665189
B12: Net Operating Income/(Loss) | F12: =F10-F11 -> -6105722.1 | H12: =H10-H11 -> 13795146
B13: Add: Other Income | D13: 21 | F13: 1748740.8 | H13: 1316472
B14: Profit before Contribution to WPPF | F14: =F12+F13 -> -4356981.3 | H14: =H12+H13 -> 15111618
B15: Less: Contribution to WPPF | D15: 22 | F15: 0 | H15: 719600.14
B16: Profit before Tax | F16: =F14-F15 -> -4356981.3 | H16: =H14-H15 -> 14392018
B17: Less: Income Tax Expenses
B18: Current Tax | D18: 23 | F18: 107734.53 | H18: 2662545.9
B19: Deferred Tax Expense (Income) | D19: 24 | F19: 502460.07 | H19: 575658.17
F20: =SUM(F18:F19) -> 610194.59 | H20: =SUM(H18:H19) -> 3238204
B21: Net Profit after Tax | F21: =F16-F20 -> -4967175.9 | H21: =H16-H20 -> 11153814
B23: Earning Per Share | D23: 25 | F23: -0.24835631 | H23: 0.55768511
B26: The annexed Notes ( 1- 38 ) form an integral part of these Financial Statements and approved by the Board of Directors on 28.10.2026
B30: Sd/- Sd/- | D30: Sd/- | H30: Sd/- | I30: Sd/-
B31: Managing Director Director Chief Financial Officer Company Secretary
B34: =BS!B47 -> Signed as per our annexed report on even date
B43: Place:Dhaka,Bangladesh
B44: Dated: 28.10.2026

Sheet CE
B1: RAHIMA FOOD CORPORATIOON LIMITED
B2: Statement of Changes in Shareholder's Equity
B3: For the year ended 30 June 2026
B5: Particulars | C5: Amount in Taka
C6: Share Capital | D6: Retained Earnings | E6: Total Equity
B7: Opening Balance | C7: 200002000 | D7: =D27 -> -11427336 | E7: =C7+D7 -> 188574664
B8: Add: Profit During the Year | C8: 0 | D8: =IS!F21 -> -4967175.9 | E8: =SUM(C8:D8) -> -4967175.9
B9: Add: Adjustment against Machineries Returned | C9: 0 | D9: 3019030 | E9: =C9+D9 -> 3019030
B10: Less: Adjustment for Payment of Dividend for the Previous Year | C10: 0 | D10: -4000040 | E10: =SUM(C10:D10) -> -4000040
B11: Less: Adjustment Against Expense of the Previous Year | C11: 0 | D11: 0 | E11: =SUM(C11:D11) -> 0
B12: Less: Adjustment for Payment of Tax for the Previous Year | C12: 0 | D12: 0 | E12: =SUM(C12:D12) -> 0
B13: Less: Adjustment for Payment of Tax for the Previous Year | C13: 0 | D13: 0 | E13: =SUM(C13:D13) -> 0
B14: Balance as on 30 June 2026 | C14: =SUM(C7:C13) -> 200002000 | D14: =D7+D8+D10+D9 -> -17375522 | E14: =E7+E8+E10+E9 -> 1.8262648e+08 | G14: =E14-BS!I21 -> 0
B17: For the year ended 30 June 2025
B19: Particulars | C19: Amount in Taka
C20: Share Capital | D20: Retained Earnings | E20: Total Equity
B21: Opening Balance | C21: 200002000 | D21: 7562449 | E21: =SUM(C21:D21) -> 207564449
B22: Add: Profit During the Year | C22: 0 | D22: 11153814 | E22: =SUM(C22:D22) -> 11153814
B23: Less: Adjustment for Payment of Dividend for the Previous Year | C23: 0 | D23: 20000200 | E23: =SUM(C23:D23) -> 20000200
B24: Less: Adjustment Against Expense of the Previous Year | C24: 0 | D24: 8789065 | E24: =SUM(C24:D24) -> 8789065
B25: Less: Adjustment for Payment of Tax for the Previous Year | C25: 0 | D25: 1338147 | E25: =SUM(C25:D25) -> 1338147
B26: Less: Adjustment for Payment of Tax for the Previous Year | C26: 0 | D26: 16187 | E26: =SUM(C26:D26) -> 16187
B27: Balance as on 30 June 2025 | C27: =SUM(C21:C26) -> 200002000 | D27: =D21+D22-D23-D24-D25-D26 -> -11427336 | E27: =E21+E22-E23-E24-E25-E26 -> 188574664
B30: The annexed Note (1-38) form an integral part of these Financial Statements and approved by the Board of Directors on 28.10.2026
B33: Sd/- Sd/- Sd/- | D33: Sd/- | I33: Sd/- | K33: Sd/-
B34: Managing Director Director Chief Financial Officer Company Secretary
B37: Place:Dhaka,Bangladesh
B38: Dated: 28.10.2026

Sheet CF
H1: =IS!H1 -> RAHIMA FOOD CORPORATION LIMITED
H2: Statement of Cash Flows
H3: =IS!H3 -> For the year ended 30 June 2026
C5: Particulars | F5: Amount in Taka
F6: 01 July 2025 to 30 June 2026 | H6: 01 July 2024 to 30 June 2025
C8: A) Cash Flows from Operating Activities
C9: Cash Received from Parties and Others | F9: =19025411-11816 -> 19013595 | H9: 94813920
C10: Cash Paid to Employees and Others | F10: -23559463 | H10: -41203892
C11: Cash Paid Against VAT and Tax Expense of Previous Year | F11: 0 | H11: -10143399
C12: Net Cash Generated from/(Used in) Operating Activities | F12: =SUM(F9:F11) -> -4545868 | H12: =SUM(H9:H11) -> 43466629
C14: B) Cash Flows from Investing Activities
C15: Acquisition of Property, Plant & Equipments | F15: 0 | H15: 0
C16: Proceeds from disposal/Return of PPE | F16: 10139027 | H16: 0
C17: Net Cash Generated from/(Used by) Investing Activities | F17: =SUM(F16:F16) -> 10139027 | H17: =SUM(H16:H16) -> 0
C19: C) Cash Flows from Financing Activities
C20: Payment in Liability with Related Parties | F20: 0 | H20: 0
C21: Received as Interest from Bank on Un-Paid Dividend | F21: 11816 | H21: 440439
C22: Payment against Un-Claimed Dividend | F22: 0 | H22: 0
C23: Payment against Dividend | F23: -4000040 | H23: -19664586
C24: Net Cash Generated from/(Used by) Financing Activities | F24: =SUM(F20:F23) -> -3988224 | H24: =SUM(H20:H23) -> -19224147
C26: D)Net Increase/(Decrease) in Cash and Cash Equivalents (A+B+C) | F26: =F12+F17+F24 -> 1604935 | H26: =H12+H17+H24 -> 24242482
C28: E) Opening Cash and Cash Equivalents | F28: =H30 -> 46320223 | H28: 22077741
C30: F) Closing Cash and Cash Equivalents (D+E) | F30: =F26+F28 -> 47925158 | H30: =H26+H28 -> 46320223
C32: Net Operating Cash Fows Per Share | F32: -0.22729113 | H32: 2.1733097
C35: The annexed Note (1-38) form an integral part of these Financial Statements and approved by the Board of Directors on 28.10.2026
A39: Sd/- Sd/- Sd/- Sd/-
A40: Managing Director Director Chief Financial Officer Company Secretary
C43: Place:Dhaka,Bangladesh
C44: Dated: 28.10.2026
C47: Statement of Cash Flows
C48: =IS!B43 -> Place:Dhaka,Bangladesh
C50: Particulars | H50: Amount in Taka
F51: 2020-2021 | H51: 2020-2021
